 Dungeon Crawl Stone Soup version 0.28.0-53-g5a82cb258f (webtiles) character file.

Game seed: 3162085895393595539

5 protoss039 the Digger (level 1, 0/14 HPs)
             Began as a Demonspawn Earth Elementalist on June 10, 2022.
             Slain by a giant cockroach (2 damage)
             ... on level 1 of the Dungeon.
             The game lasted 00:00:46 (71 turns).

protoss039 the Digger (Demonspawn Earth Elementalist) Turns: 71, Time: 00:00:46

Health: 0/14       AC:  2    Str:  8    XL:     1   Next: 66%
Magic:  0/3        EV: 12    Int: 16    God:
Gold:   0          SH:  0    Dex: 13    Spells: 3/4 levels left

rFire   . . .      SeeInvis .   (no weapon)
rCold   . . .      Faith    .   (no shield)
rNeg    . . .      Spirit   .   b - +0 robe
rPois   .          Reflect  .   (no helmet)
rElec   .          Harm     .   (no cloak)
rCorr   .          Rampage  .   (no gloves)
Will    .....                   (no boots)
Stlth   ++........              (no amulet)
HPRegen 0.04/turn               (no ring)
MPRegen 0.08/turn               (no ring)

@: no status effects
A: no striking features
a: no special abilities


You were on level 1 of the Dungeon.
You visited 1 branch of the dungeon, and saw 1 of its levels.

Inventory:

Missiles
 c - 24 stones
Armour
 b - a +0 robe (worn)


   Skills:
 * Level 0.4 Fighting
 + Level 0.1 Armour
 - Level 1.7 Dodging
 - Level 1.7 Stealth
 + Level 2.0 Spellcasting
 * Level 1.2 Transmutations
 + Level 2.7 Earth Magic


You had 3 spell levels left.
You knew the following spells:

 Your Spells              Type           Power      Damage    Failure   Level
a - Sandblast             Erth           20%        2d7       7%          1

Your spell library contained the following spells:

 Spells                   Type           Power      Damage    Failure   Level
 Passwall                 Tmut/Erth      5%         N/A       14%         2
 Stone Arrow              Conj/Erth      12%        3d7       34%         3
 Petrify                  Tmut/Erth      7%         N/A       67%         4


Dungeon Overview and Level Annotations

Branches:
Dungeon (1/15)

Altars:


Message History

The giant cockroach bites the plant.
The bat misses you.
You completely miss the bat.
The bat is heavily wounded.
A nearby plant withers and dies.
The bat hits you but does no damage.
The bat hits the plant.
The goblin hits the plant with a +0 dagger.
The plant begins to die.
The giant cockroach bites the plant.
The bat barely misses you.
You hit the bat but do no damage.
The bat is heavily wounded.
A nearby plant withers and dies.
The bat hits you but does no damage. The bat closely misses you.
The quokka bites the plant.
The giant cockroach bites the plant.
The goblin hits the plant with a +0 dagger.
The hobgoblin hits the plant.
The plant begins to die.
You completely miss the bat.
The bat is heavily wounded.
A nearby plant withers and dies.
The bat barely misses you.
The bat hits the plant.
The plant begins to die.
The quokka bites the plant.
The giant cockroach bites the plant.
The goblin hits the plant with a +0 dagger.
The hobgoblin hits the plant.
The quokka bites the plant.
The bat hits the plant.
Casting: Sandblast (safe; 7% risk of failure)
Confirm with . or Enter, or press ? or * to list all spells.
Aiming: Sandblast (safe; 7% risk of failure)
Press: ? - help, Shift-Dir - straight line, f/p - bat
Aim: a bat (heavily wounded, 69% to hit)
The blast of sand hits the bat!
You kill the bat!
A nearby plant withers and dies.
Unknown command.
Unknown command.
A nearby plant withers and dies.
The giant cockroach closely misses you.
A nearby plant withers and dies.
The goblin hits the plant with a +0 dagger.
The quokka bites the plant.
A nearby plant withers and dies.
The giant cockroach bites you.
You die...

######.####....#
.....>............
#..$...#.........
+...............
####..............
#PP..........P.P#


#PPPPP......PPPP# #PPPPP..@..PPPPP# #PPP..PPPB....PP# #PP.PPPg..P...PP#
#PP.PP.PPP.....P# #P.PPgPP.PP...†P# #. #P..†.P.P.......#... #P<.r..PP.......$...
#P.P..P.P.....(P.... #P.P...P.......P..... You could see a quokka, a giant
cockroach, a hobgoblin and a goblin.

Vanquished Creatures
  2 bats (D:1)
  2 quokkas (D:1)
4 creatures vanquished.

Vanquished Creatures (others)
  63 plants (D:1)
63 creatures vanquished.

Grand Total: 67 creatures vanquished

Notes
Turn   | Place    | Note
-------+----------+-------------------------------------------
     0 | D:1      | protoss039 the Demonspawn Earth Elementalist began the
                  | quest for the Orb.
     0 | D:1      | Reached XP level 1. HP: 13/13 MP: 3/3
    19 | D:1      | Reached skill level 1 in Transmutations
    71 | D:1      | Slain by a giant cockroach

Illustrated notes

Levels and vault maps discovered:
D:1:      roderic_crop_circles_arrival_small, layout_basic, serial_shops, shop

Skill      XL: |  1 |
---------------+----+-----
Transmutations | 1 |  1.2
Fighting       | |  0.4
Armour         | |  0.1
Dodging        | |  1.7
Stealth        | |  1.7
Spellcasting   | |  2.0
Earth Magic    | |  2.7

Action                   || total
-------------------------++-------
Melee: Unarmed           ||    30
 Cast: Sandblast         ||     6
Armor: Robe              ||    19
Dodge: Dodged            ||    54
